cohdb
Replays
Latest Replays
All Replays
Popular Replays
Top Player Replays
Match Explorer
How It Works
Community
CoH3 Stats
Reddit
Sign in to upload your games and track your stats! →
Sign in with Steam
Match 36658188
Unlisted
Match 36658188
Overview
Messages
Build Orders
End
Kradschützen Motorcycle Team
Selects Battlefield Espionage Battlegroup
Panzergrenadier Squad
Construct Light Support Kompanie
Assault Grenadier Squad
Selects Intel Disruption Beacon
Assault Grenadier Squad
Construct Mechanized Kompanie
Veteran Squad Leaders
8 Rad Armored Car
Selects Plunder
Panzerjäger Mechanized Group
2.5-tonne Medical Truck
daspoulos
Dekubitus
Bruistablet
Pet Shop
0
0
Comments
sign in to comment!
No comments posted yet!